 Dungeon Crawl Stone Soup version 0.16-a0-3719-g3c2c23d (webtiles) character file.

3158803 superterranean the Wrestler (level 27, 268/268 (279) HPs)
             Began as a Troll Monk on Jan 19, 2015.
             Was the Champion of Cheibriados.
             Escaped with the Orb
             ... and 5 runes on Jan 20, 2015!
             The game lasted 07:19:26 (76177 turns).

superterranean the Wrestler (Troll Monk)           Turns: 76177, Time: 07:19:26

HP:   268/268 (279) AC: 40    Str: 43    XL:     27
MP:   36/36         EV: 17    Int: 32    God:    Cheibriados [******]
Gold: 7169          SH: 29    Dex: 28    Spells: 7 memorised, 23 levels left

rFire  + + +     SeeInvis +       - Unarmed
rCold  + + .     Clarity  +     E - +7 gold dragon armour
rNeg   + . .     SustAb   .     Q - +2 large shield {reflect}
rPois  +         Gourm    +     N - +2 hat {SInv}
rElec  +         Spirit   .     i - +2 cloak
rCorr  .         Warding  .     (gloves unavailable)
rMut   .         Stasis   .     (boots unavailable)
MR     +++..                    t - amulet of Darkness {Regen+ Int+2}
Stlth  ..........               k - ring "Pesch" {rF++ rC+ rN+ MR+ Int+4 SInv Stlth-, !r}
                                e - ring of a Thousand Places {+Inv rElec}

@: very slow, extremely resistant to hostile enchantments, extremely unstealthy
A: unfitting armour, claws 3, talons 1, icy blue scales 1, large bone plates 1,
clarity, dopey 1, fast metabolism 3, gourmand, mutation resistance 1, poison
resistance, regeneration 2, shaggy fur 1, tough skin 2, wild magic 1
a: Bend Time, Temporal Distortion, Slouch, Step From Time, Renounce Religion,
Evoke Invisibility
0: Orb of Zot
}: 5/15 runes: decaying, slimy, silver, obsidian, gossamer


You escaped.
You worshipped Cheibriados.
Cheibriados was exalted by your worship.
You were not hungry.

You visited 14 branches of the dungeon, and saw 73 of its levels.
You visited the Abyss 2 times.
You visited 1 bazaar.
You also visited: Trove and Ice Cave.

You collected 10999 gold pieces.
You spent 2739 gold pieces at shops.

Inventory:

Missiles
 U - 102 large rocks (quivered)
Armour
 h - the +2 shield of Resistance {rF+ rC+ MR+}
   (You found it on level 14 of the Dungeon)

   It protects you from fire.
   It protects you from cold.
   It affects your resistance to hostile enchantments.
 i - a +2 cloak (worn)
 E - a +7 gold dragon armour (worn)
 N - a +2 hat of see invisible (worn)
 Q - a +2 large shield of reflection (worn)
Magical staves
 G - an uncursed staff of wizardry
 O - an uncursed staff of earth
Rods
 J - a +2 rod of inaccuracy (9/9)
   (You found it on level 5 of the Vaults)
 S - a +6 lightning rod (13/13)
   (You found it on level 4 of the Depths)
Jewellery
 e - the ring of a Thousand Places (left claw) {+Inv rElec}
   (You found it in a treasure trove)

   [ring of invisibility]

   It insulates you from electricity.
   It lets you turn invisible.
 g - a +6 ring of slaying
 k - the ring "Pesch" (right claw) {rF++ rC+ rN+ MR+ Int+4 SInv Stlth-, !r}
   (You found it on level 3 of the Crypt)

   [ring of intelligence]

   It affects your intelligence (+4).
   It greatly protects you from fire.
   It protects you from cold.
   It protects you from negative energy.
   It affects your resistance to hostile enchantments.
   It enhances your eyesight.
   It makes you less stealthy.
 o - an uncursed amulet of resist mutation
 t - the amulet of Darkness (around neck) {Regen+ Int+2}
   (You found it in an ice cave)

   [amulet of regeneration]

   It affects your intelligence (+2).
   It increases your rate of regeneration.
 x - the amulet "Lierch" {Spirit rF++ rC+ HP-9 MP+9 Int-3 Dex+2 SInv}
   (You found it in a treasure trove)

   [amulet of guardian spirit]

   It causes incoming damage to be split between your health and magic.
   It affects your intelligence (-3).
   It affects your dexterity (+2).
   It greatly protects you from fire.
   It protects you from cold.
   It affects your health (-9).
   It affects your magic capacity (+9).
   It enhances your eyesight.
 K - an uncursed ring of teleport control
 R - a cursed amulet of resist corrosion
Magical devices
 A - a wand of disintegration (9)
 B - a wand of disintegration (2)
 I - a wand of teleportation (7)
 T - a wand of cold (2)
Scrolls
 d - 6 scrolls of blinking
 f - 9 scrolls of fear
 m - 2 scrolls of amnesia
 q - 13 scrolls of fog
 u - 7 scrolls of silence
 v - a scroll of enchant weapon
 w - 15 scrolls of teleportation
 y - 13 scrolls of recharging
 z - a scroll of summoning
 C - 4 scrolls of holy word
 D - 22 scrolls of remove curse
 F - 3 scrolls of enchant armour
 X - 8 scrolls of identify
Potions
 a - 3 potions of cancellation
 j - 37 potions of curing
 l - 4 potions of invisibility
 n - 7 potions of restore abilities
 p - 8 potions of magic
 r - 10 potions of resistance
 H - 4 potions of agility
 L - 13 potions of brilliance
 M - 5 potions of heal wounds
 V - a potion of might
Miscellaneous
 P - 2 phials of floods
Comestibles
 b - 44 meat rations
 c - 17 fruits
 s - 15 bread rations


   Skills:
 - Level 17.6 Fighting
 - Level 11.1 Throwing
 - Level 16.9 Armour
 - Level 12.1 Dodging
 - Level 1.1 Stealth
 - Level 15.0 Shields
 + Level 26.9 Unarmed Combat
 - Level 9.1 Spellcasting
 - Level 5.0 Necromancy
 - Level 8.1 Translocations
 - Level 12.9 Transmutations
 - Level 14.7 Earth Magic
 - Level 12.3 Invocations
 - Level 14.2 Evocations


You had 23 spell levels left.
You knew the following spells:

 Your Spells              Type           Power        Failure   Level  Hunger
a - Statue Form           Trmt/Erth      ########.    22%         6    #####..
b - Blink                 Tloc           N/A          4%          2    None
c - Stoneskin             Trmt/Erth      ########     1%          2    None
d - Repel Missiles        Chrm/Air       ###...       50%         2    None
e - Regeneration          Chrm/Necr      #####.....   38%         3    None
f - Portal Projectile     Tloc           ######       7%          3    None
g - Recall                Summ/Tloc      N/A          26%         3    None


Dungeon Overview and Level Annotations

Branches:
Dungeon (15/15)            Temple (1/1) D:5            Lair (8/8) D:11
  Swamp (5/5) Lair:5       Spider (5/5) Lair:5        Slime (6/6) Lair:6
    Orc (4/4) D:9             Elf (3/3) Orc:4        Vaults (5/5) D:14
  Crypt (3/3) Vaults:2       Tomb (0/3) Crypt:3      Depths (5/5) D:15
   Hell (1/1)                 Dis (0/7) Hell            Geh (7/7) Hell
    Coc (0/7) Hell            Tar (0/7) Hell            Zot (5/5) Depths:5

Altars:
Cheibriados
Elyvilon
Gozag
Kikubaaqudgha
Makhleb
Nemelex Xobeh
Okawaru
Ru
Trog
Vehumet
Xom
Lugonu

Shops:
D:12 !   D:15 *   Orc:3 ?   Orc:4 *?=}   Elf:1 :   Vaults:4 %

Portals:
Hell: Lair:8 Depths:1 Depths:2 Depths:4 Depths:5
Abyss: Depths:1 Depths:4 Depths:5
Pandemonium: Depths:1 Depths:2 Depths:3
Ziggurat: Depths:4

Annotations:
Elf:2 runed door


Innate Abilities, Weirdness & Mutations

You are too large for most types of armour.
You have claws for hands.
Your metabolism is lightning-fast.
You like to eat raw meat.
You heal very quickly.
You are covered in fur (AC +1).
You have very tough skin (AC +2).
You have sharp toenails.
You are partially covered in icy blue scales (AC +1).
You are partially covered in large bone plates (AC +2, SH +2).
You possess an exceptional clarity of mind.
You are dopey. (Int -2)
You are somewhat resistant to further mutation.
Your system is resistant to poisons.
Your spells are a little harder to cast, but a little more powerful.


Message History

Cheibriados appreciates the change of pace.
You block the orange demon's attack. The orange demon completely misses you.
The orange demon stings you but does no damage.
You block the orange demon's attack.
You eviscerate the orange demon!!!!
You kill the orange demon!
Cheibriados thoroughly appreciates the change of pace.
No target in view!
No target in view!
No target in view!
HP restored.
You enter the shallow water.
Moving in this stuff is going to be slow.
There is a staircase leading out of the dungeon here.
Enter note: yay Saving game... please wait.
Welcome back, superterranean the Troll Monk.
Cheibriados says: Take it easy.
Press ? for a list of commands and other information.
You have escaped!

♣.♣♣♣
♣♣.♣♣♣.
♣.♣ ♣♣♣.♣♣
♣♣ ♣.♣♣
♣♣♣..♣♣ ♣
♣..♣
♣..♣♣♣
♣♣.♣♣ ♣.♣♣
♣♣..♣♣
♣♣.♣♣
♣♣♣..♣.♣
♣♣.♣ ♣♣
♣......♣
♣♣.♣♣ ♣≈
♣♣..@..♣
♣.♣.♣ ♣≈≈≈
♣♣...P♣
♣♣..♣♣♣≈≈≈
♣♣♣♣♣♣
♣.♣♣♣ ♣
♣♣♣


There were no monsters in sight!

Vanquished Creatures
  Asmodeus (Geh:7)
  the royal jelly (Slime:6)
  5 orbs of fire
  6 ancient liches
  6 caustic shrikes
  Margery (Crypt:3)
  Norris (Spider:5)
  3 Killer Klowns
  A curse toe (Zot:4)
  Mennas (Depths:3)
  Geryon (Hell)
  12 golden dragons
  Xtahua (Crypt:3)
  A bone dragon (Geh:5)
  Arachne (Spider:2)
  21 Brimstone Fiends
  6 electric golems
  A shard shrike zombie (Crypt:1)
  4 pandemonium lords (Depths:5)
  25 Orb Guardians
  27 tentacled monstrosities
  A Hell Sentinel (Depths:5)
  9 liches
  Asterion (Depths:2)
  3 deep elf blademasters
  An Executioner (Geh:7)
  7 titans
  2 deep elf master archers (Elf:3)
  An eldritch tentacle (Geh:7)
  9 quicksilver dragons
  Murray (Hell)
  A quicksilver dragon (shapeshifter) (Depths:3)
  18 acid blobs
  5 ancient champions
  Rupert (Spider:3)
  Agnes (Elf:2)
  17 storm dragons
  2 sphinxes
  6 shadow dragons
  6 tengu reavers
  Frances (Spider:5)
  A thorn hunter (Swamp:4)
  A revenant (Hell)
  7 draconian monks
  11 azure jellies
  18 fire giants
  5 greater nagas (Depths:2)
  14 frost giants
  Donald (Orc:3)
  Wiglaf (Depths:2)
  9 balrugs
  Maud (Elf:1)
  18 vault wardens
  5 draconian scorchers
  10 emperor scorpions
  5 draconian knights
  Aizul (Swamp:3)
  An iron dragon (Depths:4)
  12 draconian zealots
  A cacodemon (D:1)
  4 curse skulls
  8 ghost moths
  10 deep elf sorcerers
  A ghoul (Crypt:2)
  11 ironheart preservers
  12 reapers
  Jorgrun (Depths:2)
  5 spriggan defenders
  7 draconian shifters
  3 vampire knights
  6 draconian annihilators
  8 very ugly things
  A Killer Klown zombie (Zot:3)
  10 green draconians
  5 salamander firebrands
  11 grey draconians
  31 stone giants
  3 war gargoyles
  6 draconian callers
  A corrupter (D:8)
  6 dire elephants
  A lorocyproca (Depths:1)
  4 black draconians
  5 deep elf annihilators
  The ghost of taqueso the Grappler, a powerful MiMo of Cheibriados (D:14)
  8 purple draconians
  15 yellow draconians
  10 deep elf demonologists
  8 mottled draconians
  5 pale draconians
  16 red draconians
  8 white draconians
  13 eidola
  17 ettins
  Snorg (Lair:7)
  5 blizzard demons
  8 deep elf death magi
  31 vault guards
  A minotaur (Depths:4)
  2 quicksilver dragon zombies
  A mummy priest (Crypt:3)
  2 jiangshi
  9 death oozes (Slime:6)
  18 yaktaur captains
  11 great orbs of eyes
  4 deep elf high priests
  A kraken zombie (Hell)
  29 fire dragons
  2 quicksilver dragon skeletons
  10 rakshasas
  14 hydras
  19 ice dragons
  2 naga warriors (Depths:2)
  An ice dragon (shapeshifter) (Depths:5)
  13 ogre magi
  2 ghost crabs (Swamp:3)
  13 death cobs
  A ghost crab (shapeshifter) (Depths:5)
  7 centaur warriors
  A spectral stone giant (Crypt:3)
  4 anacondas (Depths:2)
  4 spriggan air magi
  A hell beast (Depths:2)
  14 deep troll shamans
  18 dancing weapons
  7 alligators
  4 tengu warriors
  3 orc high priests (Orc:4)
  26 death yaks
  A titan zombie (Geh:3)
  7 deep troll earth magi
  2 vampire magi (Crypt:2)
  9 spriggan berserkers
  3 shadow wraiths
  11 spriggans
  2 catoblepae
  2 iron golems (Hell)
  23 hell hogs
  Nergalle (Lair:6)
  3 storm dragon zombies
  8 soul eaters
  50 hell knights
  A salamander mystic (Geh:7)
  15 sun demons
  37 skeletal warriors
  22 deep elf knights
  A fire crab (Lair:6)
  3 titan skeletons
  11 ice devils
  3 storm dragon skeletons
  14 deep elf summoners
  17 deep trolls
  3 death drakes (Zot:3)
  15 flayed ghosts
  5 iron trolls
  An unseen horror (Vaults:1)
  6 anaconda zombies
  2 golden dragon zombies (Hell)
  3 spriggan druids
  10 ironbrand convokers
  2 death drakes (shapeshifter)
  The ghost of Phlounder the Fighter, an experienced DrWn of Qazlal (D:6)
  An infernal demonspawn (D:8)
  4 swamp dragons
  12 hill giants
  3 ice statues
  A swamp dragon (shapeshifter) (Vaults:5)
  A putrid demonspawn (D:8)
  A shadow demon (Geh:7)
  A shadow dragon zombie (Geh:7)
  3 shambling mangroves
  19 orb spiders
  4 lindwurms (Depths:2)
  17 orc knights
  3 iron dragon zombies
  2 anaconda skeletons
  9 harpies
  8 giant orange brains
  9 hornets
  26 ugly things
  15 deep elf conjurers
  36 necromancers
  5 wolf spider zombies
  4 stone giant zombies
  5 cyclopes
  7 manticores
  9 orc sorcerers
  A worldbinder (Abyss:2)
  5 shadow dragon skeletons
  4 frost giant zombies
  2 shining eyes
  3 wizards
  33 wolf spiders
  A salamander (shapeshifter) (D:15)
  3 fire giant zombies
  A moth of wrath (shapeshifter) (Vaults:5)
  2 draconians (shapeshifter)
  13 salamanders
  An elephant (shapeshifter) (Vaults:3)
  19 phantasmal warriors
  An iron dragon skeleton (Crypt:3)
  2 guardian serpents (shapeshifter)
  2 oklob plants
  20 elephants
  10 black mambas
  7 griffons
  A shock serpent zombie (Geh:3)
  3 guardian serpents (Depths:2)
  3 dire elephant zombies
  5 fire giant skeletons
  7 molten gargoyles (Geh:7)
  3 large abominations
  Joseph (Orc:2)
  37 moths of wrath
  2 frost giant skeletons
  An eye of devastation (Slime:1)
  4 sixfirhies
  14 vault sentinels
  16 rust devils
  7 orange demons
  25 spiny frogs
  An eye of devastation (shapeshifter) (Vaults:3)
  A titan simulacrum (Crypt:1)
  2 elf zombies
  A spiny frog (shapeshifter) (Vaults:4)
  66 yaktaurs
  7 torpor snails
  Psyche (D:12)
  2 gargoyles
  A yellow draconian zombie (Zot:2)
  4 kobold demonologists
  A naga mage (Depths:2)
  12 demonic crawlers
  A green draconian zombie (Crypt:3)
  10 smoke demons
  6 efreet
  3 fire drakes
  An emperor scorpion zombie (Geh:5)
  26 hellions
  17 hellwings
  7 tormentors
  13 deep elf priests
  2 yaktaurs (shapeshifter)
  17 komodo dragons
  A small abomination (Elf:3)
  A green draconian skeleton (Crypt:1)
  2 guardian mummies
  18 red devils
  A redback zombie (Crypt:2)
  2 baby alligators (Swamp:1)
  6 anaconda simulacra
  2 golden dragon simulacra (IceCv)
  A silent spectre (Crypt:2)
  A raiju (shapeshifter) (Vaults:3)
  2 tengu conjurers
  8 blue devils
  2 harpy zombies
  An iron troll skeleton (Crypt:1)
  3 hydra zombies
  2 trolls (shapeshifter)
  7 trolls
  Sonja (Orc:2)
  17 freezing wraiths
  2 wind drakes (Zot:3)
  A polar bear (Depths:3)
  A moth of wrath zombie (Zot:3)
  A boulder beetle (Vaults:1)
  49 jumping spiders
  Grinder (D:4)
  A polar bear (shapeshifter) (Vaults:1)
  4 ice dragon zombies
  7 bog bodies
  23 two-headed ogres
  23 blink frogs
  A satyr zombie (Crypt:1)
  5 hydra skeletons
  6 giant leeches
  55 slime creatures
  26 ravens
  4 alligator zombies
  An ushabti (Crypt:3)
  The ghost of gressup the Magician, an average OpTm (D:4)
  5 ettin zombies
  A harpy skeleton (D:15)
  A snapping turtle (shapeshifter) (Depths:5)
  17 shadows
  A catoblepas skeleton (Crypt:3)
  A spectral giant leech (Swamp:3)
  5 ice dragon skeletons
  A basilisk (Lair:4)
  4 fire dragon zombies
  2 alligator skeletons
  31 deep elf magi
  54 flying skulls
  8 vampires
  5 ettin skeletons
  A fire dragon skeleton (Geh:2)
  2 air elementals (Depths:5)
  2 water elementals (Hell)
  A tarantella (shapeshifter) (Elf:2)
  32 tarantellas
  3 black mamba zombies
  35 yaks
  22 trapdoor spiders
  2 ynoxinuls
  5 black mamba skeletons
  3 fire bats (Geh:2)
  19 wraiths
  8 hungry ghosts
  38 fire elementals
  6 dire elephant simulacra (IceCv)
  8 golden eyes
  10 hippogriffs
  2 neqoxecs
  Grum (Orc:2)
  A steam dragon (D:14)
  2 wyverns
  22 wolves
  96 redbacks
  29 vampire mosquitoes
  4 chaos spawn
  40 deep elf fighters
  7 swamp worm simulacra (Swamp:5)
  A spectral raven (Swamp:3)
  10 nagas (Depths:2)
  3 soldier ants
  A death yak simulacrum (IceCv)
  2 water nymph zombies (Crypt:2)
  2 harpy simulacra (IceCv)
  3 spiny frog zombies
  27 water moccasins
  A redback simulacrum (D:13)
  A faun zombie (Crypt:1)
  17 swamp worms
  Menkaure (D:7)
  8 human zombies
  11 insubstantial wisps
  A mottled dragon (D:15)
  15 hydra simulacra
  32 hell hounds
  26 orc warriors
  6 swamp drakes
  4 wargs
  11 raven skeletons (Crypt:3)
  5 sky beasts
  2 snapping turtle zombies
  3 spiny frog skeletons (Hell)
  A black bear (Lair:1)
  A human skeleton (Geh:3)
  48 spiders
  14 ice beasts
  4 eyes of draining
  5 porcupines
  19 wasps
  47 ogres
  A tengu (shapeshifter) (Depths:3)
  A boring beetle (Lair:5)
  7 phantoms
  A swamp dragon zombie (Geh:5)
  8 centaurs
  A black mamba simulacrum (Crypt:1)
  A blink frog zombie (Crypt:2)
  7 necrophages
  A snapping turtle skeleton (Geh:5)
  A boring beetle (shapeshifter) (Elf:2)
  An ettin simulacrum (Crypt:1)
  A swamp dragon skeleton (Geh:3)
  A manticore skeleton (Geh:7)
  3 boggarts (Depths:2)
  16 crocodiles
  2 big kobolds
  A big kobold (shapeshifter) (Depths:3)
  21 giant frogs
  An elf skeleton (Crypt:3)
  A gnoll sergeant (D:12)
  2 wyvern skeletons
  6 scorpions
  13 killer bees
  2 water moccasin skeletons
  25 wights
  A troll skeleton (Geh:5)
  5 electric eels
  A boring beetle zombie (Crypt:1)
  A goliath beetle (D:8)
  A giant frog zombie (D:12)
  16 crimson imps
  A goliath beetle (shapeshifter) (Depths:2)
  8 quasits
  18 orc priests
  A two-headed ogre zombie (Crypt:2)
  3 wasp zombies
  7 centaur zombies
  4 draconian simulacra (IceCv)
  22 jellies
  A basilisk zombie (Crypt:2)
  3 giant frog skeletons
  11 hounds
  7 centaur skeletons
  A two-headed ogre skeleton (Crypt:1)
  31 orc wizards
  15 worker ants
  8 iguanas
  3 troll simulacra (IceCv)
  12 hell rats
  An iron imp (Vaults:2)
  A spriggan simulacrum (IceCv)
  4 wolf simulacra (IceCv)
  25 sheep
  Jessica (D:2)
  A centaur simulacrum (IceCv)
  An ogre zombie (Crypt:3)
  A naga skeleton (Geh:7)
  A naga zombie (Crypt:1)
  A tengu zombie (Crypt:1)
  A crocodile skeleton (Crypt:1)
  2 hound zombies (D:8)
  2 ogre skeletons
  2 hound skeletons
  2 mummies (Crypt:3)
  Robin (D:2)
  12 gnolls
  3 worker ant zombies
  2 ogre simulacra (IceCv)
  4 naga simulacra (IceCv)
  3 giant mites
  86 river rats
  5 shadow imps
  34 adders
  9 white imps
  2 worms (D:2)
  5 ufetubi (IceCv)
  A swamp drake simulacrum (Swamp:5)
  An adder skeleton (D:6)
  6 giant geckos
  168 orcs
  5 ball pythons
  3 bat zombies
  11 giant cockroaches
  29 goblins
  12 hobgoblins
  9 jackals
  30 kobolds
  19 quokkas
  10 bats
  A giant gecko skeleton (Crypt:2)
  5 giant newts
  2 hobgoblin zombies
  2 orc zombies (Orc:3)
  15 rats
  6 ballistomycetes
  A bush (Lair:1)
  A crawling corpse (Elf:3)
  2 fungi
  4 plants
  A tentacle (Hell)
  A tentacle segment (Hell)
3873 creatures vanquished.

Vanquished Creatures (collateral kills)
  A sphinx (Vaults:2)
  A frost giant (Depths:1)
  An emperor scorpion (Depths:1)
  A vault warden (Vaults:1)
  An ironheart preserver (Vaults:2)
  A stone giant (Vaults:3)
  4 very ugly things
  An ettin (Vaults:3)
  A fire dragon (Vaults:1)
  A vault guard (Vaults:2)
  3 ogre magi
  An ice dragon (Depths:1)
  An anaconda (Depths:2)
  A dancing weapon (Elf:2)
  A death yak (Depths:2)
  2 deep troll shamans
  A centaur warrior (Vaults:3)
  A soul eater (Vaults:2)
  3 deep trolls (Vaults:4)
  2 ironbrand convokers (Vaults:3)
  2 deep elf conjurers
  2 harpies (Vaults:2)
  2 orc sorcerers
  A cyclops (D:11)
  3 ugly things
  A guardian serpent (Depths:2)
  An elephant (Lair:4)
  A vault sentinel (Vaults:1)
  An orange demon (Lair:8)
  A kobold demonologist (Vaults:2)
  7 yaktaurs
  2 freezing wraiths
  A red devil (Lair:8)
  A hellwing (Depths:2)
  A deep elf priest (Vaults:4)
  A blue devil (Lair:8)
  2 slime creatures
  A two-headed ogre (Vaults:3)
  A raven (shapeshifter) (Vaults:2)
  2 ravens (Depths:2)
  A spriggan (shapeshifter) (Vaults:2)
  A redback (Vaults:3)
  A stone giant simulacrum (Vaults:2)
  3 deep elf fighters
  A wraith (Vaults:2)
  A yaktaur simulacrum (Vaults:2)
  A vampire mosquito (Vaults:2)
  A naga (Depths:2)
  5 ogres
  An ice beast (D:12)
  4 boggarts (Vaults:3)
  2 orc warriors
  2 centaurs (Vaults:3)
  A big kobold (Vaults:2)
  A crimson imp (Vaults:3)
  A quasit (Vaults:2)
  An orc wizard (Orc:4)
  A shadow imp (Depths:2)
  A white imp (Depths:2)
  10 orcs
  A kobold (Vaults:2)
104 creatures vanquished.

Vanquished Creatures (others)
  2 eldritch tentacles (Geh:7)
  A draconian monk (Zot:5)
  A vault warden (Vaults:3)
  A minotaur (Depths:2)
  A red draconian (Zot:2)
  A stone giant (Depths:3)
  A lorocyproca (Depths:5)
  A deep elf high priest (Elf:3)
  A yaktaur captain (Vaults:2)
  A centaur warrior (D:13)
  A dancing weapon (D:8)
  A moth of wrath (Zot:5)
  A black mamba (Depths:2)
  5 yaktaurs (Vaults:5)
  A giant leech (Swamp:5)
  A deep elf priest (Vaults:5)
  A hydra skeleton (Geh:7)
  A wraith (Geh:1)
  5 water elementals
  An ice dragon skeleton (Geh:1)
  A black mamba zombie (Geh:3)
  A vampire (Geh:3)
  A golden eye (Slime:1)
  A naga (Depths:2)
  A human zombie (Geh:3)
  A swamp drake (Swamp:5)
  An ogre (Depths:3)
  A snapping turtle skeleton (Geh:7)
  A centaur (D:14)
  6 lost souls
  A big kobold (Vaults:1)
  A wight (Geh:7)
  A white imp (IceCv)
  3 ufetubi (IceCv)
  2 giant spores
  A rat (D:5)
  147 eldritch tentacle segments (Geh:7)
  12 fungi
  20 plants
  3 tentacles (Hell)
  82 tentacle segments (Hell)
317 creatures vanquished.

Grand Total: 4294 creatures vanquished

Notes
Turn   | Place    | Note
--------------------------------------------------------------
     0 | D:1      | superterranean, the Troll Monk, began the quest for the Orb.
     0 | D:1      | Reached XP level 1. HP: 22/22 MP: 1/1
   231 | D:1      | Reached XP level 2. HP: 29/29 MP: 1/1
   335 | D:1      | oh holy shit
   335 | D:1      | ok yay
   347 | D:1      | do I stick with Chei still?
   918 | D:2      | Found an iron altar of Okawaru.
   926 | D:2      | Reached skill level 5 in Unarmed Combat
   926 | D:2      | Reached XP level 3. HP: 34/36 MP: 2/2
  1070 | D:2      | Reached XP level 4. HP: 40/44 MP: 2/2
  1126 | D:2      | Noticed Jessica
  1134 | D:2      | Killed Jessica
  1225 | D:2      | Reached skill level 6 in Unarmed Combat
  1237 | D:2      | Reached XP level 5. HP: 44/50 MP: 2/2
  1284 | D:2      | Noticed Robin
  1303 | D:2      | Killed Robin
  1825 | D:3      | Reached skill level 7 in Unarmed Combat
  2041 | D:4      | Noticed gressup's ghost (average OpTm)
  2052 | D:4      | Killed gressup's ghost
  2052 | D:4      | Reached XP level 6. HP: 51/59 MP: 3/3
  2108 | D:4      | Noticed a phantom
  2115 | D:4      | Killed a phantom
  2115 | D:4      | Reached skill level 8 in Unarmed Combat
  2405 | D:4      | Noticed a troll
  2409 | D:4      | Killed a troll
  2409 | D:4      | Reached XP level 7. HP: 42/67 MP: 3/3
  2510 | D:4      | You fall through a shaft!
  2510 | D:5      | Entered Level 5 of the Dungeon
  2538 | D:5      | Gained mutation: You are partially covered in slimy green scales (AC +2). [mutagenic meat]
  2596 | D:4      | Noticed Grinder
  2600 | D:4      | Killed Grinder
  2600 | D:4      | Reached XP level 8. HP: 76/78 MP: 3/3
  2742 | D:4      | Reached skill level 5 in Dodging
  3066 | D:5      | Gained mutation: Your muscles are strong. (Str +2) [mutagenic meat]
  3067 | D:5      | Gained mutation: You are dopey. (Int -2) [mutagenic meat]
  3068 | D:5      | Gained mutation: You have difficulty communicating with the divine. [mutagenic meat]
  3121 | D:5      | Found a staircase to the Ecumenical Temple.
  3132 | Temple   | Entered the Ecumenical Temple
  3141 | Temple   | Became a worshipper of Cheibriados the Contemplative
  3752 | D:6      | Noticed a troll
  3760 | D:6      | Killed a troll
  3760 | D:6      | Reached skill level 5 in Fighting
  3760 | D:6      | Reached XP level 9. HP: 68/88 MP: 4/4
  3963 | D:7      | Found an ancient bone altar of Kikubaaqudgha.
  4197 | D:7      | Noticed Menkaure
  4204 | D:7      | Killed Menkaure
  4353 | D:7      | Acquired Cheibriados' first power
  4614 | D:7      | Learned a level 6 spell: Statue Form
  4656 | D:8      | Reached skill level 1 in Invocations
  5347 | D:8      | Acquired Cheibriados' second power
  5518 | D:8      | Reached skill level 5 in Invocations
  5544 | D:8      | Reached XP level 10. HP: 98/98 MP: 13/13
  5965 | D:9      | Found a staircase to the Orcish Mines.
  6242 | D:9      | Acquired Cheibriados' third power
  6407 | D:10     | Entered Level 10 of the Dungeon
  6669 | D:10     | ok, that owns
  6989 | D:11     | Noticed a cyclops
  6993 | D:11     | Killed a cyclops
  7013 | D:11     | Gained mutation: You are partially covered in yellow scales (AC +2). [mutagenic meat]
  7029 | D:11     | Reached skill level 9 in Invocations
  7173 | D:11     | Reached XP level 11. HP: 90/105 MP: 21/21
  7185 | D:11     | Reached skill level 10 in Invocations
  7531 | D:11     | Found a staircase to the Lair.
  7543 | Lair:1   | Entered Level 1 of the Lair of Beasts
  7571 | Lair:1   | Gained mutation: Scrolls take you a little longer to read. [potion of mutation]
  7571 | Lair:1   | Gained mutation: You have a pair of small horns on your head. [potion of mutation]
  7571 | Lair:1   | Gained mutation: Your flesh is cold resistant. [potion of mutation]
  7572 | Lair:1   | Gained mutation: Your system is resistant to poisons. [potion of mutation]
  7793 | Lair:1   | Reached skill level 10 in Unarmed Combat
  8645 | Lair:2   | Noticed a four-headed hydra
  8651 | Lair:2   | Reached skill level 11 in Unarmed Combat
  8651 | Lair:2   | Killed a four-headed hydra
  9212 | Lair:2   | Found an opulent altar of Gozag.
 10498 | Lair:4   | Reached XP level 12. HP: 115/115 MP: 22/22
 10574 | Lair:4   | Noticed a death yak
 10577 | Lair:4   | Noticed a death yak
 10581 | Lair:4   | Killed a death yak
 10588 | Lair:4   | Killed a death yak
 11657 | Lair:5   | Reached skill level 10 in Dodging
 11714 | Lair:5   | Found a staircase to the Swamp.
 12229 | Lair:5   | Found a hole to the Spider Nest.
 12741 | Lair:6   | Reached XP level 13. HP: 125/131 MP: 23/23
 13085 | Lair:6   | Found a staircase to the Slime Pits.
 13135 | Lair:6   | Noticed Nergalle
 13163 | Lair:6   | Killed Nergalle
 13452 | Lair:7   | Noticed Snorg
 13459 | Lair:7   | Killed Snorg
 13670 | Lair:7   | Lost mutation: You are dopey. (Int -2) [potion of cure mutation]
 13670 | Lair:7   | Lost mutation: Your system is resistant to poisons. [potion of cure mutation]
 13670 | Lair:7   | Lost mutation: Your muscles are strong. (Str +2) [potion of cure mutation]
 13670 | Lair:7   | Lost mutation: Scrolls take you a little longer to read. [potion of cure mutation]
 13671 | Lair:7   | Lost mutation: You have a pair of small horns on your head. [potion of cure mutation]
 13671 | Lair:7   | Lost mutation: Your flesh is cold resistant. [potion of cure mutation]
 13671 | Lair:7   | Lost mutation: You have difficulty communicating with the divine. [potion of cure mutation]
 13671 | Lair:7   | Lost mutation: You are partially covered in yellow scales (AC +2). [potion of cure mutation]
 14192 | Lair:7   | Reached skill level 10 in Fighting
 14998 | Lair:8   | Entered Level 8 of the Lair of Beasts
 15298 | Lair:8   | Noticed a dire elephant
 15327 | Lair:8   | Killed a dire elephant
 15327 | Lair:8   | Reached skill level 12 in Dodging
 15883 | Lair:8   | Reached XP level 14. HP: 135/146 MP: 24/24
 16126 | Lair:8   | Found a burning altar of Makhleb.
 16301 | Lair:8   | Found a gateway to Hell.
 16325 | Lair:8   | Identified a scroll of acquirement
 16480 | Lair:8   | Reached skill level 1 in Shields
 16679 | Lair:8   | Found an ancient bone altar of Kikubaaqudgha.
 16684 | Lair:8   | Reached skill level 13 in Unarmed Combat
 17103 | Orc:1    | Entered Level 1 of the Orcish Mines
 17771 | Orc:2    | Noticed Joseph
 17779 | Orc:2    | Killed Joseph
 17834 | Orc:2    | Noticed Sonja
 17837 | Orc:2    | Killed Sonja
 17841 | Orc:2    | Noticed Grum
 17848 | Orc:2    | Killed Grum
 18188 | Orc:3    | Found Ippun's Magic Scroll Emporium.
 18193 | Orc:3    | Bought a scroll of fog for 28 gold pieces
 18193 | Orc:3    | Bought a scroll of identify for 28 gold pieces
 18193 | Orc:3    | Bought a scroll of identify for 28 gold pieces
 18193 | Orc:3    | Bought a scroll of enchant weapon for 105 gold pieces
 18193 | Orc:3    | Bought a scroll of identify for 28 gold pieces
 18296 | Orc:3    | Paralysed by an orc sorcerer for 5 turns
 18629 | Orc:3    | Noticed Donald
 18641 | Orc:3    | Killed Donald
 18847 | Orc:4    | Entered Level 4 of the Orcish Mines
 19265 | Orc:4    | Found a staircase to the Elven Halls.
 19306 | Orc:4    | Found Bossorpha's Gadget Shop.
 19697 | Orc:4    | Found Xaklaos' Jewellery Shoppe.
 19700 | Orc:4    | Found Ygren's Magic Scroll Shoppe.
 19701 | Orc:4    | Bought the ring of Mistrust {rF+ MR+ Int+4 SInv} for 702 gold pieces
 19706 | Orc:4    | Found Utianura's Assorted Antiques.
 19713 | Orc:4    | Bought a scroll of silence for 82 gold pieces
 19713 | Orc:4    | Bought a scroll of identify for 22 gold pieces
 19720 | Orc:4    | Bought an amethyst potion for 20 gold pieces
 19720 | Orc:4    | Bought a diamond ring for 115 gold pieces
 19720 | Orc:4    | Bought a brown potion for 20 gold pieces
 19720 | Orc:4    | Bought a papyrus book for 345 gold pieces
 19994 | D:12     | Reached skill level 5 in Shields
 20075 | D:12     | holy shit
 20141 | D:12     | Found Deroy's Distillery.
 20145 | D:12     | Bought a potion of heal wounds for 75 gold pieces
 20145 | D:12     | Bought a potion of curing for 45 gold pieces
 20439 | D:12     | Noticed Psyche
 20451 | D:12     | Killed Psyche
 20999 | D:13     | Reached skill level 14 in Unarmed Combat
 21214 | D:13     | Gained mutation: You possess an exceptional clarity of mind. [mutagenic meat]
 21215 | D:13     | Gained mutation: You are weak. (Str -2) [mutagenic meat]
 21568 | D:14     | Reached XP level 15. HP: 143/153 MP: 25/25
 21632 | D:14     | Got a glittering granite ring
 21797 | D:14     | Noticed taqueso's ghost (powerful MiMo)
 21806 | D:14     | Killed taqueso's ghost
 21891 | D:14     | Found a gateway to a bazaar.
 22069 | D:14     | Found a gate to the Vaults.
 22121 | D:14     | Gained mutation: You tend to lose your temper in combat. [mutagenic meat]
 22136 | D:14     | Identified the ring "Farr" {Fire -Tele rElec Int+2 Stlth+} (You found it on level 14 of the Dungeon)
 22162 | D:15     | Entered Level 15 of the Dungeon
 22201 | D:15     | Learned a level 2 spell: Blink
 22344 | D:15     | Found a staircase to the Depths.
 22576 | D:15     | Gained mutation: You have a pair of small horns on your head. [mutagenic meat]
 22582 | D:15     | Found an opulent altar of Gozag.
 22586 | D:15     | Found Gozag's Platinum Reserve.
 22602 | D:15     | Gained mutation: You are partially covered in thin metallic scales (AC +2). [mutagenic meat]
 22681 | D:15     | Lost mutation: You are weak. (Str -2) [mutagenic meat]
 22682 | D:15     | Gained mutation: You evolve. [mutagenic meat]
 22796 | D:15     | Gained mutation: You are agile. (Dex +2) [evolution]
 23744 | Spider:1 | Entered Level 1 of the Spider Nest
 23770 | Spider:1 | Reached skill level 10 in Shields
 24311 | Spider:1 | Reached XP level 16. HP: 162/162 MP: 26/26
 24490 | Spider:1 | Gained mutation: You have a pair of horns on your head. [potion of beneficial mutation]
 24491 | Spider:1 | Gained mutation: You are partially covered in yellow scales (AC +2). [potion of beneficial mutation]
 25131 | Spider:2 | Noticed Arachne
 25155 | Spider:2 | Killed Arachne
 26050 | Spider:3 | Found a frozen archway.
 26076 | IceCv    | Entered an ice cave
 26153 | IceCv    | Got a serpentine zirconium amulet
 26916 | Spider:3 | Lost mutation: You possess an exceptional clarity of mind. [evolution]
 27147 | Spider:3 | Noticed Rupert
 27156 | Spider:3 | Killed Rupert
 27750 | Spider:4 | Identified the amulet of Darkness {Regen+ Int+2} (You found it in an ice cave)
 27908 | Spider:4 | Cast into the Abyss (a Zot trap)
 27913 | Spider:4 | Escaped the Abyss
 27914 | Spider:4 | fuuuuuuuck you
 28480 | Spider:4 | Reached XP level 17. HP: 158/170 MP: 29/29
 29057 | Swamp:1  | Entered Level 1 of the Swamp
 29612 | Swamp:1  | Reached skill level 15 in Unarmed Combat
 30153 | Swamp:2  | Gained mutation: You have sharp toenails. [evolution]
 30359 | Swamp:3  | Noticed Aizul
 30374 | Swamp:3  | Killed Aizul
 30395 | Swamp:3  | Gained mutation: You have a pair of large horns on your head. [mutagenic meat]
 30407 | Swamp:3  | Lost mutation: You have a pair of large horns on your head. [mutagenic meat]
 30408 | Swamp:3  | Gained mutation: You are frail (-10% HP). [mutagenic meat]
 31602 | Swamp:5  | Entered Level 5 of the Swamp
 31635 | Swamp:5  | Gained mutation: You expend magic power (3 MP) to slightly strengthen your wands. [potion of mutation]
 31986 | Swamp:5  | Got a decaying rune of Zot
 32145 | Swamp:5  | Reached XP level 18. HP: 163/163 MP: 29/29
 32963 | Spider:5 | Entered Level 5 of the Spider Nest
 32981 | Spider:5 | Noticed Norris
 33043 | Spider:5 | Killed Norris
 33092 | Spider:5 | Reached skill level 16 in Unarmed Combat
 33294 | Spider:5 | Reached XP level 19. HP: 162/170 MP: 30/30
 33738 | Spider:5 | Got a gossamer rune of Zot
 34050 | Spider:5 | Upgraded the game from 0.16-a0-3710-g67818e0 to 0.16-a0-3719-g3c2c23d
 34198 | Spider:5 | Noticed Frances
 34214 | Spider:5 | Killed Frances
 34853 | Bazaar   | Entered a bazaar
 34855 | Bazaar   | Found Eve Qeul's Distillery.
 34858 | Bazaar   | Found Rianax's Distillery.
 34859 | Bazaar   | Found Hezxiaj's Weapon Boutique.
 34859 | Bazaar   | Found Puofugyrgh's Antique Weapon Boutique.
 34884 | Bazaar   | Bought a potion of cancellation for 96 gold pieces
 34884 | Bazaar   | Bought a potion of curing for 36 gold pieces
 34884 | Bazaar   | Bought a potion of curing for 36 gold pieces
 34884 | Bazaar   | Bought a potion of curing for 36 gold pieces
 34892 | Bazaar   | Bought a potion of heal wounds for 45 gold pieces
 34892 | Bazaar   | Bought a potion of cure mutation for 315 gold pieces
 34892 | Bazaar   | Bought a potion of invisibility for 72 gold pieces
 34892 | Bazaar   | Bought 2 potions of curing for 54 gold pieces
 34892 | Bazaar   | Bought a potion of curing for 27 gold pieces
 34892 | Bazaar   | Bought a potion of curing for 27 gold pieces
 34892 | Bazaar   | Bought a potion of invisibility for 72 gold pieces
 35130 | Orc:4    | Bought an uncursed amulet of clarity for 280 gold pieces
 35155 | Elf:1    | Entered Level 1 of the Elven Halls
 35224 | Elf:1    | Noticed Maud
 35232 | Elf:1    | Killed Maud
 35302 | Elf:1    | Identified the Reference Book on the Escort
 35404 | Elf:1    | Found Geraemeh's Book Shop.
 36340 | Elf:2    | Reached skill level 17 in Unarmed Combat
 36366 | Elf:2    | Noticed Agnes
 36375 | Elf:2    | Killed Agnes
 36544 | Elf:2    | Found a huge runed gate.
 36544 | Elf:2    | Found a huge runed gate.
 36545 | Elf:2    | Found a huge runed gate.
 36724 | Elf:2    | Reached skill level 1 in Armour
 36797 | Elf:2    | Reached skill level 15 in Shields
 37090 | Elf:3    | Entered Level 3 of the Elven Halls
 37813 | Elf:3    | Gained mutation: You expend magic power (6 MP) to strengthen your wands. [a neqoxec]
 37837 | Elf:3    | Gained mutation: You are weak. (Str -2) [evolution]
 37874 | Elf:3    | Reached XP level 20. HP: 184/184 MP: 31/31
 38419 | Elf:3    | Reached skill level 5 in Armour
 38480 | Elf:3    | Identified Mnohoi Lism's Papyrus of Transmigration and the Rocks (You found it on level 3 of the Elven Halls)
 38484 | Elf:3    | Learned a level 2 spell: Stoneskin
 38594 | Elf:3    | Identified the Tome of Ghastly Transformation
 38603 | Elf:3    | Got an ichor-stained cloak
 38614 | Elf:3    | Identified the cursed -4 cloak "Esee" {rPois+} (You found it on level 3 of the Elven Halls)
 38637 | Elf:3    | Identified the Catalogue of the Glacier and Conjuration
 38640 | Elf:3    | Identified the Compendium of Ghastly Enhancements
 38644 | Elf:3    | Learned a level 2 spell: Repel Missiles
 38648 | Elf:3    | Learned a level 3 spell: Regeneration
 38665 | Elf:3    | Drew Focus: Str increased to 25, Int decreased to 10
 38670 | Elf:3    | Hired Morghyl the big kobold for 91 gold.
 38671 | Elf:3    | Hired Cimineogutz the minotaur for 974 gold.
 39463 | Vaults:1 | Entered Level 1 of the Vaults
 39570 | Vaults:1 | Your ally Morghyl died
 40460 | Vaults:1 | Gained mutation: You are dopey. (Int -2) [potion of mutation]
 40919 | Vaults:2 | Found a staircase to the Crypt.
 41127 | Vaults:2 | Gained mutation: Armour fits poorly on your strangely shaped body. [a neqoxec]
 41263 | Vaults:2 | Lost mutation: You are partially covered in yellow scales (AC +2). [mutagenic meat]
 41264 | Vaults:2 | Lost mutation: You are weak. (Str -2) [mutagenic meat]
 41266 | Vaults:2 | Gained mutation: Space occasionally distorts in your vicinity. [mutagenic meat]
 41267 | Vaults:2 | Lost mutation: You have a pair of horns on your head. [potion of cure mutation]
 41267 | Vaults:2 | Lost mutation: You are partially covered in slimy green scales (AC +2). [potion of cure mutation]
 41267 | Vaults:2 | Lost mutation: You evolve. [potion of cure mutation]
 41267 | Vaults:2 | Lost mutation: You have a pair of small horns on your head. [potion of cure mutation]
 41267 | Vaults:2 | Lost mutation: Armour fits poorly on your strangely shaped body. [potion of cure mutation]
 41267 | Vaults:2 | Lost mutation: You are partially covered in thin metallic scales (AC +2). [potion of cure mutation]
 41531 | Vaults:2 | Reached skill level 15 in Fighting
 42442 | Vaults:3 | Reached XP level 21. HP: 197/197 MP: 31/31
 43282 | Vaults:3 | Gained mutation: Your magical capacity is low (-10% MP). [mutagenic meat]
 43456 | Vaults:3 | Got a dazzling troll leather armour
 43467 | Vaults:3 | Identified the +2 troll leather armour of Shielding {rPois+ Regen+ Int+4 SInv} (You acquired it on level 3 of the Vaults)
 44059 | Vaults:4 | Reached skill level 10 in Armour
 44285 | Vaults:4 | Found Kaceopao's Food Shop.
 44495 | Vaults:4 | Lost mutation: You are frail (-10% HP). [mutagenic meat]
 44498 | Vaults:4 | Lost mutation: You are agile. (Dex +2) [mutagenic meat]
 44500 | Vaults:4 | Gained mutation: You are partially covered in large bone plates (AC +2, SH +2). [mutagenic meat]
 44782 | Vaults:4 | Gained mutation: You possess an exceptional clarity of mind. [mutagenic meat]
 44784 | Vaults:4 | Gained mutation: Your system is resistant to poisons. [mutagenic meat]
 45523 | Depths:1 | Entered Level 1 of the Depths
 46000 | Depths:1 | Found a one-way gate leading to the halls of Pandemonium.
 46260 | Depths:1 | Found a corrupted altar of Lugonu.
 46260 | Depths:1 | Found a one-way gate to the infinite horrors of the Abyss.
 46789 | Depths:2 | Gained mutation: You are partially covered in icy blue scales (AC +1). [mutagenic meat]
 46790 | Depths:2 | Lost mutation: Your magical capacity is low (-10% MP). [mutagenic meat]
 46792 | Depths:2 | Lost mutation: You expend magic power (6 MP) to strengthen your wands. [mutagenic meat]
 46793 | Depths:2 | Gained mutation: You are somewhat resistant to further mutation. [mutagenic meat]
 46893 | Depths:2 | Reached XP level 22. HP: 234/234 MP: 32/32
 46906 | Depths:2 | Gained mutation: You have a pair of small horns on your head. [mutagenic meat]
 47142 | Depths:2 | Noticed Jorgrun
 47152 | Depths:2 | Killed Jorgrun
 47160 | Depths:2 | Your ally Cimineogutz died
 47221 | Depths:2 | Lost mutation: You are dopey. (Int -2) [mutagenic meat]
 47397 | Depths:2 | Noticed Wiglaf
 47398 | Depths:2 | what the fuck
 47418 | Depths:2 | Killed Wiglaf
 47430 | Depths:2 | Lost mutation: Space occasionally distorts in your vicinity. [mutagenic meat]
 47475 | Depths:2 | Cast into the Abyss (hell knight)
 47476 | Abyss:1  | of course
 47590 | Depths:2 | Escaped the Abyss
 47855 | Depths:2 | Noticed a caustic shrike
 47864 | Depths:2 | Killed a caustic shrike
 48099 | Depths:2 | Learned a level 3 spell: Portal Projectile
 48169 | Depths:2 | Noticed Asterion
 48174 | Depths:2 | Killed Asterion
 48906 | Depths:3 | Noticed a caustic shrike
 48910 | Depths:3 | a caustic shrike changed into a quicksilver dragon
 48970 | Depths:3 | Lost mutation: You tend to lose your temper in combat. [mutagenic meat]
 49300 | Depths:3 | Reached skill level 18 in Unarmed Combat
 49456 | Depths:3 | Reached XP level 23. HP: 208/244 MP: 32/32
 49584 | Depths:3 | Noticed a caustic shrike
 49600 | Depths:3 | Killed a caustic shrike
 49660 | Depths:3 | Noticed a caustic shrike
 49667 | Depths:3 | Killed a caustic shrike
 49671 | Depths:3 | Noticed Mennas
 49677 | Depths:3 | Killed Mennas
 50173 | Depths:3 | Found a portal to a secret trove of treasure.
 51480 | Depths:3 | You paid a toll of a +6 demon trident to enter a treasure trove
 51481 | Trove    | Entered a treasure trove
 51494 | Trove    | Got a clouded zirconium amulet
 51513 | Trove    | Identified the amulet "Lierch" {Spirit rF++ rC+ HP-9 MP+9 Int-3 Dex+2 SInv} (You found it in a treasure trove)
 51514 | Trove    | ahahaha
 51523 | Trove    | Got a fine silver ring
 51525 | Trove    | Identified the ring of a Thousand Places {+Inv rElec} (You found it in a treasure trove)
 51750 | Depths:4 | Reached skill level 19 in Unarmed Combat
 51797 | Depths:4 | Lost mutation: You have a pair of small horns on your head. [mutagenic meat]
 51798 | Depths:4 | Gained mutation: Your spells are a little harder to cast, but a little more powerful. [mutagenic meat]
 52090 | Depths:4 | Reached skill level 15 in Armour
 52490 | Depths:4 | Identified the Tome of Shape Shifting and Summoning
 52618 | Depths:4 | Found a gateway to a ziggurat.
 53016 | Depths:5 | Entered Level 5 of the Depths
 53158 | Depths:5 | Found a white marble altar of Elyvilon.
 53159 | Depths:5 | Found a radiant altar of Vehumet.
 53159 | Depths:5 | Found a sacrificial altar of Ru.
 53266 | Depths:5 | Reached XP level 24. HP: 237/254 MP: 33/33
 53374 | Depths:5 | Reached skill level 20 in Unarmed Combat
 53473 | Depths:5 | Found a gate to the Realm of Zot.
 54342 | Depths:5 | Reached skill level 21 in Unarmed Combat
 54875 | Vaults:2 | Reached skill level 1 in Necromancy
 54888 | Crypt:1  | Entered Level 1 of the Crypt
 55680 | Crypt:1  | this vault kicks ass
 55739 | Crypt:1  | Reached XP level 25. HP: 235/262 MP: 33/33
 56003 | Crypt:2  | Reached skill level 1 in Evocations
 56591 | Crypt:3  | Entered Level 3 of the Crypt
 56826 | Crypt:3  | Noticed Margery
 56851 | Crypt:3  | Killed Margery
 56989 | Crypt:3  | Reached skill level 5 in Evocations
 57466 | Crypt:3  | Found a staircase to the Tomb.
 57794 | Crypt:3  | Found an ancient bone altar of Kikubaaqudgha.
 57811 | Crypt:3  | Noticed Xtahua
 57829 | Crypt:3  | Killed the ghostly Xtahua
 58042 | Crypt:3  | Noticed an ancient lich
 58061 | Crypt:3  | Killed an ancient lich
 58073 | Crypt:3  | Identified Wytwaoh's Volume of Helpful Darkness
 58076 | Crypt:3  | Got a slimy wooden ring
 58077 | Crypt:3  | Identified the ring "Pesch" {rF++ rC+ rN+ MR+ Int+4 SInv Stlth-} (You found it on level 3 of the Crypt)
 58090 | Crypt:3  | Identified the Reference Book on Curses
 58771 | Crypt:3  | Learned a level 3 spell: Recall
 59080 | Crypt:1  | Reached skill level 10 in Evocations
 60652 | Slime:1  | Entered Level 1 of the Pits of Slime
 61189 | Slime:6  | Entered Level 6 of the Pits of Slime
 61210 | Slime:6  | Reached XP level 26. HP: 251/271 MP: 34/34
 61245 | Slime:6  | Noticed the royal jelly
 61257 | Slime:6  | Killed the royal jelly
 61513 | Slime:6  | Identified the Compendium of Orientation
 61543 | Slime:6  | Identified the Tome of Creation
 61546 | Slime:6  | Got a slimy rune of Zot
 61564 | Slime:6  | Identified the Compendium of Dislocation
 62149 | Vaults:5 | Entered Level 5 of the Vaults
 62173 | Vaults:4 | Reached skill level 1 in Transmutations
 62365 | Vaults:5 | Reached skill level 5 in Necromancy
 62390 | Vaults:5 | Reached skill level 1 in Earth Magic
 62959 | Vaults:5 | let a guy dress, geez
 63010 | Vaults:5 | Reached skill level 5 in Transmutations
 63066 | Vaults:5 | Reached skill level 5 in Earth Magic
 63377 | Vaults:5 | Got a silver rune of Zot
 63396 | Vaults:5 | Lost mutation: You expend magic power (3 MP) to slightly strengthen your wands. [helix card]
 63397 | Vaults:5 | ownage
 63673 | Vaults:5 | Reached XP level 27. HP: 263/275 MP: 36/36
 63779 | Vaults:5 | Reached skill level 5 in Translocations
 64261 | Hell     | Entered the Vestibule of Hell
 64261 | Hell     | Noticed Geryon
 64269 | Hell     | Noticed Murray
 64823 | Depths:1 | yikes, murray, you're a rick
 64831 | Hell     | Killed Murray
 64936 | Hell     | Killed Geryon
 65051 | Hell     | Found a gateway to the Iron City of Dis.
 65133 | Hell     | Found a gateway to the ashen valley of Gehenna.
 65451 | Hell     | Found a gateway to the decaying netherworld of Tartarus.
 65511 | Hell     | Found a gateway to the freezing wastes of Cocytus.
 65774 | Geh:1    | Entered Level 1 of Gehenna
 67524 | Geh:5    | Reached skill level 10 in Earth Magic
 67828 | Geh:7    | Entered Level 7 of Gehenna
 68013 | Geh:7    | Reached skill level 10 in Transmutations
 69545 | Geh:7    | Reached skill level 1 in Spellcasting
 69697 | Geh:7    | Noticed Asmodeus
 69705 | Geh:7    | god damn you
 69726 | Geh:7    | Killed Asmodeus
 69726 | Geh:7    | Reached skill level 5 in Spellcasting
 69767 | Geh:7    | Got a warped robe
 69800 | Geh:7    | Identified the cursed -3 robe of the Evening {-Tele rF+ rN- rCorr Dex+2} (You took it off a balrug on level 7 of Gehenna)
 69802 | Geh:7    | Got a shimmering granite ring
 69803 | Geh:7    | Identified the ring "Ycuzer" {MR+ Str+4} (You took it off a red devil on level 7 of Gehenna)
 69814 | Geh:7    | Identified Roxanne's Almanac of Moulding
 70007 | Geh:7    | Got an obsidian rune of Zot
 70034 | Hell     | fuuuuck that
 70067 | Hell     | Identified a +2 rod of inaccuracy (9/9) (You found it on level 5 of the Vaults)
 70387 | Zot:1    | Entered Level 1 of the Realm of Zot
 72541 | Zot:3    | Reached skill level 22 in Unarmed Combat
 73008 | Zot:3    | Noticed an orb of fire
 73008 | Zot:3    | Gained mutation: You are dopey. (Int -2) [an orb of fire]
 73017 | Zot:3    | Killed an orb of fire
 73017 | Zot:3    | Reached skill level 23 in Unarmed Combat
 73737 | Zot:4    | Reached skill level 24 in Unarmed Combat
 74091 | Zot:4    | Noticed an orb of fire
 74101 | Zot:4    | Killed an orb of fire
 74252 | Zot:4    | Noticed an orb of fire
 74261 | Zot:4    | Killed an orb of fire
 74458 | Zot:5    | Entered Level 5 of the Realm of Zot
 74488 | Zot:5    | Reached skill level 25 in Unarmed Combat
 74571 | Zot:5    | Noticed an ancient lich
 74582 | Zot:5    | Killed an ancient lich
 74592 | Zot:5    | Noticed an ancient lich
 74720 | Zot:5    | Killed an ancient lich
 74729 | Zot:5    | Noticed an orb of fire
 74735 | Zot:5    | Killed an orb of fire
 74863 | Zot:5    | Reached skill level 26 in Unarmed Combat
 74948 | Zot:5    | Reached skill level 1 in Throwing
 74969 | Zot:5    | Reached skill level 5 in Throwing
 74980 | Zot:5    | Noticed an ancient lich
 74987 | Zot:5    | Killed an ancient lich
 75060 | Zot:5    | Noticed an orb of fire
 75067 | Zot:5    | Killed an orb of fire
 75068 | Zot:5    | dohohoho, 1shotted an orb of fire
 75119 | Zot:5    | Noticed an ancient lich
 75123 | Zot:5    | Killed an ancient lich
 75132 | Zot:5    | Reached skill level 10 in Throwing
 75137 | Zot:5    | Got the Orb of Zot
 75393 | Depths:5 | Noticed Ziacu the pandemonium lord
 75408 | Depths:5 | Killed Ziacu the pandemonium lord
 75427 | Depths:5 | Noticed Umisah the pandemonium lord
 75440 | Depths:5 | Killed Umisah the pandemonium lord
 75533 | Depths:5 | Noticed an ancient lich
 75536 | Depths:5 | Noticed Schugoykk the pandemonium lord
 75546 | Depths:5 | Killed Schugoykk the pandemonium lord
 75548 | Depths:5 | Killed an ancient lich
 75552 | Depths:5 | Noticed Bleted the pandemonium lord
 75555 | Depths:5 | Killed Bleted the pandemonium lord
 75945 | D:6      | Noticed Phlounder's ghost (experienced DrWn)
 75947 | D:6      | Killed Phlounder's ghost
 76176 | D:1      | yay
 76177 | D:$      | Escaped with the Orb!

Action                   |  1- 3 |  4- 6 |  7- 9 | 10-12 | 13-15 | 16-18 | 19-21 | 22-24 | 25-27 || total
-------------------------+-------+-------+-------+-------+-------+-------+-------+-------+-------++-------
Melee: Unarmed           |    74 |   119 |   238 |   527 |  1157 |   937 |  1343 |  1367 |  3965 ||  9727
       Staff             |       |       |       |       |       |       |       |       |     1 ||     1
 Fire: Blowgun           |       |       |       |     7 |       |       |       |       |       ||     7
Throw: Javelin           |       |       |     3 |     6 |       |       |       |       |       ||     9
       Large rock        |       |       |       |    72 |   102 |    70 |    94 |     3 |   173 ||   514
 Cast: Repel Missiles    |       |       |       |       |       |       |     2 |     2 |     6 ||    10
       Regeneration      |       |       |       |       |       |       |       |     2 |    37 ||    39
       Portal Projectile |       |       |       |       |       |       |       |     6 |       ||     6
       Recall            |       |       |       |       |       |       |       |       |     1 ||     1
       Stoneskin         |       |       |       |       |       |       |       |       |    20 ||    20
       Statue Form       |       |       |       |       |       |       |       |       |    29 ||    29
       Blink             |       |       |       |       |       |       |       |       |    18 ||    18
Invok: Slouch            |       |       |       |     1 |    12 |     2 |    12 |    15 |    26 ||    68
       Temporal Distorti |       |       |       |       |       |     1 |       |       |       ||     1
       Step From Time    |       |       |       |       |       |       |       |       |     2 ||     2
       Bend Time         |       |       |       |       |       |       |       |       |     1 ||     1
 Abil: Evoke Invisibilit |       |       |       |       |       |       |       |       |     5 ||     5
       Evoke Teleport Co |       |       |       |       |       |       |       |       |     2 ||     2
Evoke: Wand              |       |       |     1 |       |     2 |     2 |     2 |     3 |     6 ||    16
       Phial of floods   |       |       |       |     1 |     2 |       |     2 |       |     1 ||     6
       Deck              |       |       |       |       |       |       |    13 |       |     1 ||    14
       Phantom mirror    |       |       |       |       |       |       |       |       |     1 ||     1
  Use: Scroll            |       |       |       |    16 |    18 |    17 |     9 |     9 |    15 ||    84
       Potion            |       |       |       |     2 |     3 |     5 |     7 |     3 |    14 ||    34
 Stab: Sleeping          |     1 |     1 |     9 |    14 |    16 |    10 |     3 |       |       ||    54
       Distracted        |       |       |     2 |     2 |     1 |     1 |     7 |     4 |     1 ||    18
       Invisible         |       |       |       |       |       |       |     4 |       |    42 ||    46
       Petrified         |       |       |       |       |       |       |       |     1 |       ||     1
       Confused          |       |       |       |       |       |       |       |       |     5 ||     5
  Eat: Chunk             |    13 |     7 |    31 |    49 |    90 |    53 |   101 |    61 |    52 ||   457
       Beef jerky        |       |       |       |       |     1 |     3 |     3 |     1 |       ||     8
       Bread ration      |       |       |       |       |       |     1 |     2 |     2 |    23 ||    28
       Pizza             |       |       |       |       |       |     1 |     1 |       |     1 ||     3
       Royal jelly       |       |       |       |       |       |       |     2 |       |       ||     2
       Fruit             |       |       |       |       |       |       |       |     1 |     2 ||     3
